 Dungeon Crawl Stone Soup version 0.29.1-14-g9c671dbff4 (webtiles) character file.

Game seed: 7621505102541498641

6946 KittyFluff the Basher (level 11, 0/68 HPs)
             Began as a Gargoyle Berserker on Feb 16, 2023.
             Was a High Priest of Trog.
             Shot with an arrow by a centaur warrior (11 damage)
             ... on level 9 of the Dungeon.
             The game lasted 00:44:42 (8719 turns).

KittyFluff the Basher (Gargoyle Berserker)          Turns: 8719, Time: 00:44:42

Health: 0/68       AC: 20    Str: 21    XL:     11   Next: 7%
Magic:  11/11      EV: 13    Int:  8    God:    Trog [*****.]
Gold:   351        SH:  5    Dex: 16    Spells: 10/10 levels left

rFire   . . .      SeeInvis +   s - +9 whip "Bedops" {spect, rC+ Dex+3}
rCold   + . .      Faith    .   K - +0 buckler
rNeg    + . .      Spirit   .   c - +0 ring mail
rPois   ∞          Reflect  .   I - +1 helmet {SInv}
rElec   +          Harm     .   j - +0 cloak
rCorr   .          Rampage  .   (no gloves)
Will    .....                   k - +0 pair of boots
Stlth   +++.......              (no amulet)
HPRegen 0.21/turn               (no ring)
MPRegen 0.12/turn               (no ring)

@: no status effects
A: sickness immunity, AC +8, negative energy resistance 1, electricity
resistance, torment resistance 1, petrification resistance
a: Renounce Religion, Berserk, Trog's Hand, Brothers in Arms


You were on level 9 of the Dungeon.
You worshipped Trog.
Trog was extremely pleased with you.
You visited 1 branch of the dungeon, and saw 9 of its levels.

You collected 532 gold pieces.
You spent 181 gold pieces at shops.

Inventory:

Hand Weapons
 a - a +0 mace
 p - a +0 sling
 s - the +9 whip "Bedops" (weapon) {spect, rC+ Dex+3}
   (You found it on level 2 of the Dungeon)

   When its wielder attacks, the weapon's spirit leaps out and strikes again.
   The spirit shares a part of any damage it takes with its wielder.
   Dex:       It affects your dexterity (+3).
   rC:        It protects you from cold.
 B - the +7 staff of the Meek {protect, meekguard}
   (You found it on level 3 of the Dungeon)

   It grants its wielder temporary protection when it strikes (+7 to AC).
   It provides extra protection to wielders with little health.
 G - a +0 morningstar
 W - a +3 flail
Missiles
 t - 73 stones (quivered)
 R - 2 curare-tipped darts
 S - 2 boomerangs
 T - 13 poisoned darts
Armour
 c - a +0 ring mail (worn)
 j - a +0 cloak (worn)
 k - a +0 pair of boots (worn)
 r - a +0 leather armour
 x - a +1 hat
 A - a +0 chain mail
 I - a +1 helmet of see invisible (worn)
 K - a +0 buckler (worn)
 O - a +2 scale mail of willpower
Jewellery
 q - a ring of magical power
 X - a ring of ice
Wands
 H - a wand of mindburst (20)
 N - a wand of flame (34)
Scrolls
 b - 4 scrolls of vulnerability {unknown}
 l - a scroll of acquirement {unknown}
 n - a scroll of summoning {unknown}
 y - a scroll of blinking {unknown}
 C - a scroll of immolation {unknown}
 D - 2 scrolls of magic mapping {unknown}
 E - a scroll of butterflies {unknown}
 F - a scroll of poison {unknown}
 J - 2 scrolls of enchant armour {unknown}
 M - 4 scrolls of fear {unknown}
 Q - a scroll of enchant weapon {unknown}
 U - a scroll of noise {unknown}
 V - a scroll of silence {unknown}
Potions
 d - a potion of resistance
 e - 2 potions of berserk rage
 f - a potion of flight
 g - 3 potions of lignification
 h - 5 potions of curing
 i - 2 potions of attraction
 m - 2 potions of cancellation {unknown}
 o - 6 potions of heal wounds {unknown}
 u - 3 potions of haste {unknown}
 v - a potion of magic {unknown}
 w - a potion of might
 z - a potion of mutation {unknown}
 L - a potion of invisibility {unknown}
 P - a potion of degeneration {unknown}


   Skills:
 + Level 7.9 Fighting
 + Level 10.5 Maces & Flails
 + Level 0.3 Throwing
 * Level 8.8 Armour
 + Level 4.8 Dodging
 + Level 6.5 Stealth
 + Level 3.4 Shields


You had 10 spell levels left.
You didn't know any spells.
Your spell library was empty.

Dungeon Overview and Level Annotations

Branches:
Dungeon (9/15)             Temple (0/1) D:4             Orc (0/2) D:9
   Lair: D:8-11

Altars:
Makhleb

Shops:
D:3 =   D:4 [   D:5 (   D:9 =


Innate Abilities, Weirdness & Mutations

You are immune to sickness and miasma.
Your stone body is resilient. (AC +8)
You are immune to poison.
You resist negative energy. (rN+)
You are resistant to electric shocks. (rElec)
You are resistant to unholy torment.
You are immune to petrification.


Message History

You hit the kobold.
You kill the kobold!
Trog accepts your kill.
You whack the kobold!
You kill the kobold!
Trog accepts your kill.
T - 13 poisoned darts (gained 4)
Things that are here:
a +0 club; a +0 whip; a kobold corpse
t - 69 stones (gained 5);
R - 2 curare-tipped darts (gained 1)
Things that are here:
a +0 short sword; a +0 dagger; a kobold corpse
t - 73 stones (gained 4)
You now have 351 gold pieces (gained 20).
You see here a +0 short sword.
Things that are here:
a +0 short sword; a +0 dagger; a kobold corpse
Things that are here:
a +0 club; a +0 whip; a kobold corpse
Things that are here:
a +0 short sword; a +0 dagger; a kobold corpse You see here a +0 short sword.
You open the door.
Found a stone staircase leading down.
There is an open door here.
There is a stone staircase leading down here.
A centaur warrior comes into view.
Found 10 gold pieces.
The centaur warrior wields a +0 longbow.
The centaur warrior shoots an arrow.
You block the arrow.
The centaur warrior shoots an arrow.
The arrow hits you!
The centaur warrior shoots an arrow.
The arrow hits you but does no damage.
The centaur warrior shoots an arrow.
The arrow misses you.
The centaur warrior shoots an arrow.
The arrow hits you!!
The centaur warrior shoots an arrow.
The arrow barely misses you.
The centaur warrior shoots an arrow.
The arrow hits you!!
The centaur warrior shoots an arrow.
The arrow hits you!
* * * LOW HITPOINT WARNING * * *
The centaur warrior shoots an arrow.
The arrow hits you!
You die...

......# #.....).......#
.)....# #.....).......#
###'### #....)........#
....# #.............#
##### ##'############
#...####### #####
###...>...# ....#
#######.##### ....#
###$c..@......# ....#
####.###......^..#
....###....#...........#
....'...####...........#
....##### #############
....# ....# #####


You could see a centaur warrior.

Vanquished Creatures
  2 two-headed ogres (D:9)
  Pikel (D:4)
  A troll (D:9)
  Prince Ribbit (D:8)
  5 yaks (D:5)
  3 wyverns
  3 vampire mosquitoes (D:7)
  2 orc warriors
  A black bear (D:5)
  2 centaurs (D:7)
  2 ogres
  2 phantoms
  A lemure (D:4)
  A bullfrog (D:5)
  3 gnoll sergeants
  4 kobold brigands
  3 scorpions
  11 killer bees (D:8)
  6 howler monkeys
  2 hounds (D:6)
  A gnoll bouda (D:5)
  A jelly (D:8)
  6 orc priests
  Jessica (D:3)
  Ijyb (D:5)
  Terence (D:2)
  4 iguanas
  10 orc wizards
  26 gnolls
  5 adders
  2 shadow imps
  A white imp (D:5)
  5 worms
  2 dart slugs
  36 orcs
  5 endoplasms
  2 giant cockroaches
  3 goblins
  6 hobgoblins
  A jackal (D:1)
  5 quokkas
  8 ball pythons
  3 bats
  3 frilled lizards
  21 kobolds
  8 rats
223 creatures vanquished.

Notes
Turn   | Place    | Note
-------+----------+-------------------------------------------
     0 | D:1      | KittyFluff the Gargoyle Berserker began the quest for the
                  | Orb.
     0 | D:1      | Reached XP level 1. HP: 14/14 MP: 1/1
   455 | D:1      | Reached XP level 2. HP: 19/19 MP: 2/2
  1289 | D:1      | Found a faded altar of an unknown god.
  1368 | D:2      | Reached XP level 3. HP: 14/24 MP: 3/3
  1706 | D:2      | Identified the +9 whip "Bedops" {spect, rC+ Dex+3}
  1743 | D:2      | Reached ** piety under Trog
  1858 | D:2      | Found a burning altar of Makhleb.
  1875 | D:2      | Noticed Terence
  1886 | D:2      | Killed Terence
  1887 | D:2      | Reached skill level 4 in Maces & Flails
  1887 | D:2      | Reached XP level 4. HP: 26/29 MP: 4/4
  2100 | D:3      | Reached XP level 5. HP: 19/33 MP: 5/5
  2122 | D:3      | Reached skill level 1 in Stealth
  2242 | D:3      | Found the +7 staff of the Meek {protect, meekguard}
  2563 | D:3      | Noticed Jessica
  2568 | D:3      | Killed Jessica
  2604 | D:3      | Found Falyl's Jewellery Shop.
  2939 | D:4      | Found a staircase to the Ecumenical Temple.
  2947 | D:4      | Noticed a lemure
  2947 | D:4      | Noticed a lemure
  2948 | D:4      | Noticed Pikel
  2952 | D:4      | Noticed a lemure
  2953 | D:4      | Killed a lemure
  2954 | D:4      | Noticed a lemure
  2960 | D:4      | Killed Pikel
  2961 | D:4      | Reached skill level 6 in Maces & Flails
  2961 | D:4      | Reached XP level 6. HP: 30/39 MP: 6/6
  2961 | D:4      | Reached XP level 7. HP: 34/44 MP: 7/7
  3107 | D:4      | Reached *** piety under Trog
  3300 | D:4      | Found Egourik's Armour Shoppe.
  3308 | D:4      | Bought a +1 helmet of see invisible for 181 gold pieces
  3400 | D:5      | Entered Level 5 of the Dungeon
  3438 | D:5      | Noticed a yak
  3438 | D:5      | Noticed a yak
  3458 | D:5      | Killed a yak
  3459 | D:5      | Reached skill level 5 in Armour
  3459 | D:5      | Reached XP level 8. HP: 48/48 MP: 8/8
  3461 | D:5      | Noticed a yak
  3462 | D:5      | Noticed a yak
  3466 | D:5      | Killed a yak
  3466 | D:5      | Noticed a yak
  3474 | D:5      | Killed a yak
  3475 | D:5      | Reached skill level 5 in Fighting
  3475 | D:5      | Reached skill level 7 in Maces & Flails
  3479 | D:5      | Killed a yak
  3482 | D:5      | Killed a yak
  3642 | D:5      | Found Arphiez's Weapon Emporium.
  3688 | D:5      | Noticed Ijyb
  3694 | D:5      | Killed Ijyb
  3755 | D:5      | Reached XP level 9. HP: 54/54 MP: 9/9
  3790 | D:5      | Reached skill level 8 in Maces & Flails
  4265 | D:5      | Reached **** piety under Trog
  4587 | D:5      | You fall into a shaft and drop 3 floors!
  5600 | D:6      | Reached skill level 5 in Stealth
  6277 | D:7      | Reached ***** piety under Trog
  6296 | D:7      | Reached skill level 9 in Maces & Flails
  6471 | D:7      | Reached XP level 10. HP: 58/61 MP: 10/10
  6639 | D:7      | Reached skill level 1 in Shields
  7715 | D:8      | Noticed Prince Ribbit
  7731 | D:8      | Killed Prince Ribbit
  8089 | D:9      | Received a gift from Trog
  8137 | D:9      | Found a staircase to the Orcish Mines.
  8295 | D:9      | Found Pirr's Jewellery Emporium.
  8386 | D:9      | Noticed a two-headed ogre
  8386 | D:9      | Noticed a two-headed ogre
  8408 | D:9      | Killed a two-headed ogre
  8409 | D:9      | Reached skill level 10 in Maces & Flails
  8430 | D:9      | Killed a two-headed ogre
  8431 | D:9      | Reached XP level 11. HP: 58/68 MP: 11/11
  8714 | D:9      | Noticed a centaur warrior
  8719 | D:9      | Shot with an arrow by a centaur warrior

Illustrated notes

Levels and vault maps discovered:
D:1:      minmay_arrival_widening_spiral_wide, layout_basic,
          chequers_ecumenical_altar_grove, minmay_distorted
D:2:      layout_rooms, basic_altar, uniq_terence
D:3:      layout_basic, serial_shops, shop, pf_guarded_unrand_meek, uniq_jessica
D:4:      layout_loops_ring, minmay_temple_entry_waves, serial_shops,
          nicolae_shop_hallway_stairs, uniq_pikel
D:5:      layout_gridville, serial_shops, shop, uniq_ijyb
D:6:      layout_basic, serial_corexii_hall, chequers_hall_statues_corner_a,
          corexii_hall_statues_l
D:7:      layout_basic
D:8:      layout_gridville, hangedman_decor_opposing,
          nicolae_figureground_pulse, uniq_prince_ribbit1
D:9:      layout_roguey, erik_orc_3, serial_shops, nicolae_shop_statue_plus,
          minmay_microvault

Skill      XL: |  1  2  3  4  5  6  7  8  9 10 |
---------------+-------------------------------+-----
Maces & Flails | 4 6 7 9 10 | 10.5
Armour         | 3 4 5 6 7 8 |  8.8
Dodging        | 2 3 4 |  4.8
Stealth        | 2 3 5 6 |  6.5
Fighting       | 4 5 6 7 |  7.9
Shields        | 3 |  3.4
Throwing       | |  0.3

Action                   |  1- 3 |  4- 6 |  7- 9 | 10-12 || total
-------------------------+-------+-------+-------+-------++-------
Melee: Mace              |    64 |       |       |       ||    64
       Whip              |    14 |    46 |   208 |   150 ||   418
       Punch             |       |       |     1 |       ||     1
Throw: Stone             |     5 |       |     8 |       ||    13
  Use: Scroll            |       |     1 |     6 |     1 ||     8
 Stab: Sleeping          |     1 |       |     9 |       ||    10
       Distracted        |       |       |     2 |     3 ||     5
Armor: Animal skin       |    20 |       |       |       ||    20
       Leather armour    |     5 |    10 |    67 |    11 ||    93
       Ring mail         |       |       |       |    34 ||    34
Dodge: Dodged            |    38 |    19 |    81 |    60 ||   198
Block: Buckler           |       |       |    23 |    30 ||    53
